 Dungeon Crawl Stone Soup version 0.15.2 (webtiles) character file.

1514 JackS81 the Spear-Bearer (level 8, -2/64 HPs)
             Began as a Merfolk Death Knight on Aug 18, 2017.
             Was a Believer of Yredelemnul.
             Slain by an orc warrior
             ... wielding a +0 mace
              (9 damage)
             ... on Level 5 of the Dungeon.
             The game lasted 00:43:05 (6379 turns).

JackS81 the Spear-Bearer (Merfolk Death Knight)     Turns: 6379, Time: 00:43:05

HP  -2/64        AC  6     Str 16      XL: 8   Next: 83%
MP   0/12        EV 14     Int 14      God: Yredelemnul [**....]
Gold 182         SH  0     Dex  9 (13) Spells:  1 memorised,  5 levels left

rFire  . . .     SeeInvis .     a - +1 spear
rCold  . . .     Clarity  .     H - +2 leather armour of Dithmenos' Envy {Str+1 Int+3}
rNeg   . . .     rCorr    .     (no shield)
rPois  .         rRot     .     u - +0 hat
rElec  .         Spirit   +     (no cloak)
SustAb .         Warding  .     x - +0 pair of gloves
rMut   .         Stasis   .     (no boots)
Gourm  .                        v - amulet of guardian spirit
MR     .....                    (no ring)
                                (no ring)

@: not resistant to hostile enchantments, very unstealthy
A: change form in water, swift swim
a: Animate Remains, Recall Undead Slaves, Injury Mirror, Renounce Religion


You were on level 5 of the Dungeon.
You worshipped Yredelemnul.
Yredelemnul was pleased with you.
You were hungry.

You visited 1 branch of the dungeon, and saw 7 of its levels.

You collected 182 gold pieces.

Inventory:

Hand weapons
 a - a +1 spear (weapon)
 r - a +2 dagger of flaming
 z - a +1 flail of crushing
Missiles
 d - 30 stones (quivered)
 h - 30 arrows
 k - 22 bolts
 t - 19 poisoned needles
 G - a throwing net
 O - 11 bolts of frost
Armour
 u - a +0 hat (worn)
 x - a +0 pair of gloves (worn)
 H - the +2 leather armour of Dithmenos' Envy (worn) {Str+1 Int+3}
   (You found it on level 5 of the Dungeon)

   It affects your strength (+1).
   It affects your intelligence (+3).
 K - a +1 leather armour of poison resistance
Magical devices
 J - a wand of polymorph (13) {unknown}
 L - a wand of frost (10) {unknown}
Comestibles
 c - 3 bread rations
 f - a chunk of quokka flesh
 q - 3 meat rations
 w - 2 royal jellies
 D - a fruit
 F - a beef jerky
Scrolls
 b - 2 scrolls of remove curse
 o - 2 scrolls of enchant weapon {unknown}
 y - 2 scrolls of enchant armour {unknown}
 A - 3 scrolls of teleportation {unknown}
 B - a scroll of random uselessness {unknown}
 E - 3 scrolls of immolation {unknown}
Jewellery
 g - an uncursed ring of teleportation
 v - an amulet of guardian spirit (around neck)
Potions
 e - a potion of heal wounds {unknown}
 i - a potion of cancellation {unknown}
 j - a potion of brilliance {unknown}
 l - a potion of cure mutation {unknown}
 p - a potion of degeneration {unknown}
 s - 2 potions of agility
 I - a potion of magic {unknown}
Books
 n - a book of Burglary

   Spells                             Type                      Level
   *Swiftness                         Charms/Air                   2
   Passwall                           Transmutation/Earth          3
   Passage of Golubria                Translocation                4
   Lee's Rapid Deconstruction         Earth                        5
   Invisibility                       Hexes                        6
   Darkness                           Hexes                        7
 C - a book of Death

   Spells                             Type                      Level
   Corpse Rot                         Necromancy                   2
   Sublimation of Blood               Necromancy                   2
   Agony                              Necromancy                   5
   Dispel Undead                      Necromancy                   5
   Excruciating Wounds                Charms/Necromancy            5
   Bolt of Draining                   Conjuration/Necromancy       5


   Skills:
 * Level 5.7 Fighting
 - Level 10.0 Polearms
 - Level 0.6 Armour
 * Level 8.6 Dodging
 + Level 1.0 Charms
 - Level 3.0 Invocations


You had 5 spell levels left.
You knew the following spells:

 Your Spells              Type           Power        Failure   Level  Hunger
a - Swiftness             Chrm/Air       #.......     34%         2    ###....


Dungeon Overview and Level Annotations

Branches:
Dungeon (7/15)             Temple (0/1) D:7

Altars:
Kikubaaqudgha
Nemelex Xobeh
Qazlal
Sif Muna
Zin


Message History

The orc warrior is heavily wounded.
The orc warrior barely misses you.
You hit the orc warrior.
The orc warrior is severely wounded.
You barely miss the orc warrior.
The orc warrior is severely wounded.
The orc warrior hits you with a mace!
* * * LOW HITPOINT WARNING * * *
You hit the orc warrior but do no damage.
The orc warrior is severely wounded.
You hit the orc warrior but do no damage.
The orc warrior is severely wounded.
The orc warrior misses you.
You barely miss the orc warrior.
The orc warrior is severely wounded.
You hit the orc warrior.
The orc warrior is severely wounded.
The orc warrior hits you with a mace!
You die...
Your body rises from the dead as a mindless zombie.

.....'.........###.# #....#
######.........# #.# #....#
...............# #.# #....###
.#####.........###.#######.......
.# #.##.##.....................
.# #..#.##.#####.######...###..
.# ##.#.##.# #.# #.#.# #.. .#
#....#.#####.######<#.###..
.########..#>.oo@.............'..
........Y....#.###.#####......#..
##############.# #.# #.####.#..
...............# #.# #.####.##.
################ #.# #.........
#####'## #......≈.. #......#
#........§ #......# #....§...≈
#......# #..≈≈####≈


You could see an orc warrior, an ice beast (wandering) and an orc.

Vanquished Creatures
  Menkaure (D:5)
  An orc warrior (D:6)
  A phantom (D:5)
  2 ice beasts
  4 giant frogs (D:6)
  A cyclops zombie (D:3)
  A water moccasin skeleton (D:5)
  A crimson imp (D:6)
  An orc priest (D:3)
  2 hounds
  A two-headed ogre zombie (D:6)
  2 iguanas (D:5)
  A jelly (D:6)
  4 orc wizards (D:6)
  2 worker ants (D:6)
  Ijyb (D:2)
  A steam dragon zombie (D:6)
  5 adders
  An inept feature mimic (D:5)
  5 worms
  An adder skeleton (D:6)
  4 oozes
  9 orcs
  21 bats
  2 bat skeletons (D:5)
  3 giant cockroaches
  10 goblins
  14 hobgoblins
  4 jackals (D:6)
  6 quokkas
  6 giant geckos
  A giant gecko zombie (D:6)
  3 giant newts
  12 kobolds
  An orc skeleton (D:4)
  12 rats
147 creatures vanquished.

Vanquished Creatures (collateral kills)
  A quasit (D:5)
  A worker ant (D:6)
  An orc wizard (D:6)
  A hound skeleton (D:6)
  2 adders
  A worm (D:3)
  An orc (D:3)
  A giant cockroach (D:6)
  2 goblins
  3 hobgoblins
  3 rats (D:3)
17 creatures vanquished.

Vanquished Creatures (others)
  3 worker ant zombies (D:6)
  A worm zombie (D:3)
  A bat skeleton (D:5)
  3 goblin zombies
  5 hobgoblin zombies
  2 kobold zombies (D:2)
  6 orc zombies
21 creatures vanquished.

Grand Total: 185 creatures vanquished

Notes
Turn   | Place    | Note
--------------------------------------------------------------
     0 | D:1      | JackS81, the Merfolk Death Knight, began the quest for the Orb.
     0 | D:1      | Reached XP level 1. HP: 16/16 MP: 2/2
   290 | D:1      | Reached skill level 4 in Polearms
   290 | D:1      | Reached XP level 2. HP: 20/22 MP: 3/3
   623 | D:1      | Reached XP level 3. HP: 27/27 MP: 5/5
   689 | D:1      | Reached skill level 5 in Polearms
  1057 | D:2      | Acquired Yredelemnul's second power
  1143 | D:2      | Noticed Ijyb
  1172 | D:2      | Killed Ijyb
  1172 | D:2      | Reached skill level 6 in Polearms
  1172 | D:2      | Reached XP level 4. HP: 26/33 MP: 6/6
  1600 | D:2      | Reached skill level 7 in Polearms
  1936 | D:3      | Reached XP level 5. HP: 21/38 MP: 8/8
  2085 | D:3      | Reached skill level 8 in Polearms
  2229 | D:3      | Found a sparkling altar of Nemelex Xobeh.
  2299 | D:3      | Found an ancient bone altar of Kikubaaqudgha.
  2299 | D:3      | Found a stormy altar of Qazlal.
  2516 | D:3      | Reached XP level 6. HP: 28/44 MP: 9/9
  2622 | D:3      | Found a deep blue altar of Sif Muna.
  2957 | D:3      | Reached skill level 9 in Polearms
  3861 | D:5      | Entered Level 5 of the Dungeon
  3881 | D:5      | Found a stormy altar of Qazlal.
  3918 | D:5      | Reached skill level 10 in Polearms
  3929 | D:5      | Got a slimy leather armour
  4029 | D:5      | Identified the +2 leather armour of Dithmenos' Envy {Str+1 Int+3} (You found it on level 5 of the Dungeon)
  4032 | D:5      | Learned a level 2 spell: Swiftness
  4088 | D:5      | Noticed Menkaure
  4104 | D:5      | Killed Menkaure
  4104 | D:5      | Reached XP level 7. HP: 36/51 MP: 6/11
  4284 | D:5      | Found a staircase to the Ecumenical Temple.
  4294 | D:5      | the staircase to the Ecumenical Temple was a mimic.
  4883 | D:6      | Reached skill level 5 in Dodging
  4999 | D:6      | Reached XP level 8. HP: 44/60 MP: 10/12
  5102 | D:6      | Found a glowing silver altar of Zin.
  5330 | D:6      | Reached skill level 1 in Charms
  5676 | D:6      | Reached skill level 5 in Fighting
  6285 | D:7      | Found a staircase to the Ecumenical Temple.
  6379 | D:5      | Slain by an orc warrior

Action                   |  1- 3 |  4- 6 |  7- 9 || total
-------------------------+-------+-------+-------++-------
Melee: Spear             |   142 |   319 |   368 ||   829
 Fire: Hunting sling     |     5 |       |       ||     5
Throw: Stone             |     2 |       |     2 ||     4
 Cast: Swiftness         |       |     1 |       ||     1
Invok: Animate Remains   |     5 |    18 |     8 ||    31
       Injury Mirror     |       |     3 |     1 ||     4
  Use: Scroll            |       |     7 |     2 ||     9
       Potion            |       |     1 |     3 ||     4
 Stab: Distracted        |       |     2 |       ||     2
  Eat: Chunk             |     1 |     5 |     6 ||    12
       Beef jerky        |       |     1 |       ||     1
       Bread ration      |       |     1 |       ||     1
       Fruit             |       |       |     2 ||     2
